 Dungeon Crawl Stone Soup version 0.26-a0-665-gefeb406119 (console) character file.

Game seed: 9451685929335657262

4174 om the Cleaver (level 10, 0/86 HPs)
             Began as a Minotaur Fighter on Oct 15, 2020.
             Was a Believer of Okawaru.
             Slain by a wyvern (6 damage)
             ... on level 8 of the Dungeon.
             The game lasted 00:10:54 (7140 turns).

om the Cleaver (Minotaur Fighter)                   Turns: 7140, Time: 00:10:54

Health: 0/86       AC: 15    Str: 21    XL:     10   Next: 7%
Magic:  9/9        EV:  9    Int:  5    God:    Okawaru [**....]
Gold:   118        SH: 11    Dex: 13    Spells: 9/9 levels left

rFire    . . .     SeeInvis +   y - +0 broad axe (elec)
rCold    . . .     Faith    .   c - +0 kite shield
rNeg     . . .     Spirit   .   x - +1 chain mail {rPois}
rPois    +         Reflect  .   k - +0 hat {SInv}
rElec    .         Harm     .   (no cloak)
rCorr    +         Rampage  .   n - +1 pair of gloves
MR       +....                  (no boots)
Stlth    ..........             (no amulet)
HPRegen  0.24/turn              o - ring of protection from magic
MPRegen  0.11/turn              w - ring of resist corrosion

@: about to teleport, berserk cooldown, slowed, very slow
A: retaliatory headbutt, horns 2
a: Heroism, Renounce Religion


You were on level 8 of the Dungeon.
You worshipped Okawaru.
Okawaru was pleased with you.
You visited 1 branch of the dungeon, and saw 8 of its levels.

You collected 286 gold pieces.
You spent 168 gold pieces at shops.

Inventory:

Hand Weapons
 y - a +0 broad axe of electrocution (weapon)
Armour
 c - a +0 kite shield (worn)
 k - a +0 hat of see invisible (worn)
 n - a +1 pair of gloves (worn)
 u - a +0 plate armour
 x - a +1 chain mail of poison resistance (worn)
Jewellery
 o - a ring of protection from magic (left hand)
 q - an uncursed ring of protection from magic
 w - a ring of resist corrosion (right hand)
Wands
 m - a wand of flame (38)
 v - a wand of paralysis (6)
Scrolls
 e - 3 scrolls of remove curse
 f - a scroll of amnesia
 g - a scroll of teleportation
 i - 2 scrolls of immolation
 j - a scroll of fog {unknown}
 l - a scroll of brand weapon {unknown}
 s - 2 scrolls of blinking {unknown}
 t - a scroll of magic mapping {unknown}
Potions
 a - a potion of haste {unknown}
 b - a potion of stabbing
 d - a potion of mutation {unknown}
 h - 3 potions of curing
 p - a potion of heal wounds {unknown}
 r - 2 potions of lignification {unknown}


   Skills:
 - Level 7.0 Fighting
 - Level 10.0 Axes
 - Level 10.0 Armour
 + Level 5.7 Dodging
 - Level 8.0 Shields


You had 9 spell levels left.
You didn't know any spells.
Your spell library contained the following spells:

 Spells                   Type           Power        Failure   Level
 Animate Skeleton         Necr           #.....       100%        1
 Apportation              Tloc           #.....       100%        1
 Corona                   Hex            #......      100%        1
 Summon Small Mammal      Summ           #...         100%        1
 Confusing Touch          Hex            #.......     100%        3
 Gell's Gravitas          Tloc           #.........   100%        3
 Petrify                  Tmut/Erth      #.......     100%        4
 Metabolic Englaciation   Hex/Ice        #.........   100%        5
 Yara's Violent Unravell  Hex/Tmut       #.........   100%        5


Dungeon Overview and Level Annotations

Branches:
Dungeon (8/15)             Temple (0/1) D:5            Lair (0/6) D:8

Altars:
Okawaru
Trog

Shops:
D:8 (


Innate Abilities, Weirdness & Mutations

You reflexively headbutt those who attack you in melee.
You have a pair of horns on your head.


Message History

The wyvern bites you.
* * * LOW HITPOINT WARNING * * *
The wyvern bites you!
* * * LOW HITPOINT WARNING * * *
Evoke which item? (* to show all) (? for menu, Esc to quit)
Okay, then.
As you read the scroll of teleportation, it crumbles to dust.
You feel strangely unstable. You block the wyvern's attack.
The wyvern bites you!
* * * LOW HITPOINT WARNING * * *
Your surroundings seem slightly different.
The wyvern bites you but does no damage.
You block the wyvern's attack.
As you read the scroll labeled TETOCUO CAWKAI, it crumbles to dust.
It is a scroll of amnesia.
You feel forgetful for a moment. You block the wyvern's attack.
The wyvern bites you but does no damage. x2
As you read the scroll of teleportation, it crumbles to dust.
You feel strangely unstable. You block the wyvern's attack.
The wyvern closely misses you. The wyvern bites you.
You die...

.. #.## #... #..##
#...#######...#
#..#...≈...#..#
#....#...#....#
#...##...##...#
##.#....P....#.#
#..#≈...>P..≈#.#
#..#.†..PPP..#.#
#....##..P##...# #
#.@...#...#)...##
#.########l..#...≈...#...###
#........†....#######.......
##.....###### #.......
#.....# #....... #.....#
#....... #.....# #.......
#.....# #....... #.....#
#####.#' #.....# #.#.
#.....# #.#.


You could see a wyvern.

Vanquished Creatures
  Gastronok (D:8)
  The ghost of jasper the Archer, a novice DsHu (D:7)
  Maggie (D:6)
  An ice beast (D:6)
  2 sky beasts
  2 orc warriors
  A black bear (D:6)
  A necrophage (D:7)
  An ogre (D:6)
  A phantom (D:7)
  A centaur (D:7)
  A bullfrog (D:8)
  A gnoll sergeant (D:6)
  4 wights (D:6)
  A howler monkey (D:4)
  A bullfrog zombie (D:8)
  A centaur zombie (D:6)
  An orc priest (D:3)
  2 jellies (D:6)
  2 hounds
  A bullfrog skeleton (D:5)
  2 iguanas
  5 orc wizards
  A worker ant (D:6)
  A hound skeleton (D:5)
  8 gnolls
  8 adders
  A shadow imp (D:8)
  An ooze (D:2)
  An adder skeleton (D:4)
  A worm (D:3)
  A dart slug (D:1)
  2 leopard geckos (D:6)
  17 orcs
  2 giant cockroaches (D:1)
  6 goblins
  9 hobgoblins
  8 jackals
  6 bats
  6 frilled lizards
  8 kobolds
  A leopard gecko skeleton (D:6)
  A quokka skeleton (D:7)
  A quokka zombie (D:5)
  6 rats
  A bush (D:1)
132 creatures vanquished.

Vanquished Creatures (others)
  2 fungi (D:8)
  6 plants
8 creatures vanquished.

Grand Total: 140 creatures vanquished

Notes
Turn   | Place    | Note
-------+----------+-------------------------------------------
     0 | D:1      | om the Minotaur Fighter began the quest for the Orb.
     0 | D:1      | Reached XP level 1. HP: 19/19 MP: 0/0
   261 | D:1      | Reached XP level 2. HP: 27/27 MP: 1/1
   317 | D:1      | Reached skill level 1 in Dodging
   543 | D:1      | Reached XP level 3. HP: 33/33 MP: 2/2
  1751 | D:3      | Reached XP level 4. HP: 40/40 MP: 3/3
  2107 | D:3      | Found a bloodstained altar of Trog.
  2124 | D:3      | Reached XP level 5. HP: 43/46 MP: 4/4
  3142 | D:4      | Reached XP level 6. HP: 53/53 MP: 5/5
  3252 | D:4      | Reached skill level 5 in Axes
  3380 | D:5      | Entered Level 5 of the Dungeon
  3565 | D:5      | Noticed a sky beast
  3578 | D:5      | Killed a sky beast
  3885 | D:5      | Reached skill level 5 in Fighting
  4381 | D:5      | Found a staircase to the Ecumenical Temple.
  4614 | D:6      | Reached XP level 7. HP: 46/61 MP: 6/6
  4729 | D:6      | Reached skill level 5 in Dodging
  4964 | D:6      | Noticed Maggie
  4977 | D:6      | HP: 1/61 [Maggie/bolt of fire (22)]
  4978 | D:6      | Killed Maggie
  4978 | D:6      | Reached XP level 8. HP: 1/71 MP: 7/7
  5648 | D:6      | Reached skill level 10 in Axes
  5825 | D:6      | Reached skill level 5 in Armour
  6236 | D:7      | Found a runed translucent door.
  6246 | D:7      | Noticed jasper's ghost (novice DsHu)
  6257 | D:7      | Killed jasper's ghost
  6257 | D:7      | Reached skill level 5 in Shields
  6257 | D:7      | Reached XP level 9. HP: 72/79 MP: 8/8
  6899 | D:8      | Found an iron altar of Okawaru.
  6900 | D:8      | Found Eqom's Antique Weapon Shop.
  6936 | D:8      | Became a worshipper of Warmaster Okawaru
  6955 | D:8      | Bought a runed broad axe for 168 gold pieces
  7053 | D:8      | Found a staircase to the Lair.
  7091 | D:8      | Noticed Gastronok
  7112 | D:8      | Killed Gastronok
  7112 | D:8      | Reached * piety under Okawaru
  7112 | D:8      | Reached ** piety under Okawaru
  7112 | D:8      | Reached skill level 10 in Armour
  7112 | D:8      | Reached XP level 10. HP: 31/86 MP: 9/9
  7140 | D:8      | Slain by a wyvern

Illustrated notes

Levels and vault maps discovered:
D:1:      dpeg_arrival_rooms_a, layout_rooms, serial_forest,
          infiniplex_forest_lined_4_way, infiniplex_forest_end_2,
          infiniplex_forest_clump_small, infiniplex_forest_clump_double,
          infiniplex_forest_lined_2, infiniplex_forest_diagonal, st_stairs_9
D:2:      layout_basic
D:3:      layout_basic, bloody_trog
D:4:      layout_basic, kennysheep_generic_room_6
D:5:      layout_basic, minmay_temple_entry_ruins, corexii_checkpoint_a,
          minmay_misc_feat_tiny
D:6:      layout_basic, uniq_maggie
D:7:      layout_loops_ring, ebering_ghost_reflecting_pool
D:8:      minmay_bloctagon_deflated, layout_basic, grunt_qazlal_clouds,
          dpeg_oklobed_lair, serial_shops, shop_fountains, basic_altar,
          uniq_maurice, uniq_gastronok

Skill      XL: |  1  2  3  4  5  6  7  8  9 |
---------------+----------------------------+-----
Dodging        | 1 2 3 4 5 |  5.7
Axes           | 3 4 6 8 10 | 10.0
Fighting       | 4 5 6 7 |  7.0
Armour         | 4 6 10 | 10.0
Shields        | 4 5 8 |  8.0

Action                   |  1- 3 |  4- 6 |  7- 9 | 10-12 || total
-------------------------+-------+-------+-------+-------++-------
Melee: War axe           |   113 |   117 |   140 |       ||   370
       Headbutt          |    19 |    19 |    32 |       ||    70
       Broad axe         |       |       |    24 |     1 ||    25
Evoke: Wand              |       |     5 |       |       ||     5
  Use: Scroll            |     4 |     1 |     3 |     3 ||    11
       Potion            |       |     1 |     2 |       ||     3
Armor: Scale mail        |    17 |       |       |       ||    17
       Chain mail        |    27 |    56 |    14 |     4 ||   101
       Plate armour      |       |       |    49 |       ||    49
Dodge: Dodged            |    31 |    37 |    20 |     1 ||    89
Block: Kite shield       |    40 |    62 |    64 |     4 ||   170

Table legend: (Time is in decaauts)
 A = Elapsed time spent in this place.
 B = Non-inter-level travel time spent in this place.
 C = Inter-level travel time spent in this place.
 D = Time resting spent in this place.
 E = Time spent auto-exploring this place.
 F = Levels seen in this place.
 G = Mean time per level.
                   A        B        C        D        E       F      G
               +--------+--------+--------+--------+--------+-----+--------+
         Total |   7262 |   7111 |    151 |   1459 |   4494 |   8 |  907.8 |
       Dungeon |   7262 |   7111 |    151 |   1459 |   4494 |   8 |  907.8 |
               +--------+--------+--------+--------+--------+-----+--------+

Top non-repeatable levels by time:
     D:6: 1548 daAuts
     D:3: 1302 daAuts
     D:5: 1237 daAuts
     D:1: 802 daAuts
     D:7: 728 daAuts
     D:2: 693 daAuts
     D:4: 661 daAuts
     D:8: 288 daAuts
